 Dungeon Sprint DCSS version 0.21.1-1-g345015f (webtiles) character file.

10756 Fang the Severer (level 11, -1/123 HPs)
             Began as a Gargoyle Berserker on July 22, 2018.
             Was the Champion of Trog.
             Slain by an ice devil (8 damage)
             ... in the Dungeon (Sprint VII: "The Pits").
             The game lasted 00:09:46 (2386 turns).

Fang the Severer (Gargoyle Berserker)               Turns: 2386, Time: 00:09:47

Health: -1/123     AC: 13    Str: 28    XL:     11   Next: 67%
Magic:  3/3        EV: 20    Int:  9    God:    Trog [******]
Gold:   23         SH:  0    Dex:  9    Spells: 10/10 levels left

rFire    . . .     SeeInvis .   x - +6 war axe (antimagic)
rCold    . . .     Gourm    .   (no shield)
rNeg     + . .     Faith    .   b - +0 animal skin
rPois    ∞         Spirit   .   (no helmet)
rElec    +         Reflect  .   (no cloak)
rCorr    .         Harm     .   (no gloves)
MR       .....     NoTele   +   (no boots)
Stlth    ..........             (no amulet)
HPRegen  0.30/turn              p - +3 ring of protection
MPRegen  0.08/turn              r - +3 ring of evasion

@: berserking, slowed
A: negative energy resistance 1, electricity resistance, unbreathing,
petrification resistance, rot immunity, AC +8
a: Berserk, Trog's Hand, Brothers in Arms, Burn Spellbooks, Renounce Religion


You were in the Dungeon.
You worshipped Trog.
Trog was exalted by your worship.
You were not hungry.

You visited 1 branch You collected 23 gold pieces.

Inventory:

Hand Weapons
 m - a +0 hand axe of freezing
 n - a +2 broad axe of venom
 o - a +1 hand axe of flaming
 s - a +2 war axe of chopping
 u - a +2 antimagic executioner's axe
 v - the +3 broad axe "Miacih" {protect, MR+ Str+8}
   (Trog gifted it to you in the Dungeon)

   It protects the one who uses it against injury (+AC on strike).
   It affects your strength (+8).
   It affects your resistance to hostile enchantments.
 x - a +6 antimagic war axe (weapon)
Armour
 b - a +0 animal skin (worn)
Jewellery
 p - a +3 ring of protection (left hand)
 r - a +3 ring of evasion (right hand)
 C - an uncursed ring of positive energy
Scrolls
 i - 2 scrolls of blinking
 j - 3 scrolls of fear
 k - 3 scrolls of remove curse
 l - a scroll of summoning
 t - 4 scrolls of identify
 w - 7 scrolls of enchant armour
 y - a scroll of fog
 D - a scroll of enchant weapon
Potions
 a - 2 potions of invisibility
 d - 8 potions of curing
 e - 17 potions of heal wounds
 f - 4 potions of haste
 g - 4 potions of magic
 h - 3 potions of berserk rage
 q - 2 potions of might
 z - 2 potions of agility
 A - a potion of brilliance
Miscellaneous
 B - a sack of spiders
Comestibles
 c - 11 rations


   Skills:
 + Level 15.6 Fighting
 + Level 17.8 Axes
 + Level 5.4 Armour
 + Level 10.8 Dodging
 + Level 4.0 Stealth


You had 10 spell levels left.
You didn't know any spells.

Dungeon Overview and Level Annotations

Branches:
Dungeon (1/1)

Altars:
Cheibriados
Dithmenos
Elyvilon
Fedhas
Gozag
Hepliaklqana
Makhleb
Nemelex Xobeh
Okawaru
Qazlal
Ru
Sif Muna
Trog
Vehumet
Wu Jian
Xom
Yredelemnul
Zin
The Shining One
Beogh
Jiyva
Lugonu


Innate Abilities, Weirdness & Mutations

You are resistant to torment.
Your stone body is resilient. (AC +8)
You are immune to poison.
You resist negative energy. (rN+)
You are resistant to electric shocks. (rElec)
You can survive without breathing.
You are immune to petrification.
You are immune to rotting.


Message History

Unknown command.
The vampire mosquito buzzes angrily.
You slice the blink frog!!
You feel the power of Trog in you as your rage grows.
You kill the blink frog!
Trog accepts your kill.
Your Stealth skill increases to level 4!
You closely miss the ice devil. You slash the vampire mosquito!
You hit the death cob. The death cob closely misses you.
The vampire mosquito misses you.
The ice devil hits you but does no damage.
You barely miss the death cob.
The death cob is almost destroyed.
You miss the vampire mosquito. You hit the ice devil. The death cob misses you.
The vampire mosquito bites you!
* * * LOW HITPOINT WARNING * * *
The death cob closely misses you. The ice devil hits you!
* * * LOW HITPOINT WARNING * * *
The ice devil freezes you!
You die...

..# ######## ..# ...##..# ..#
...##..# .y# ...''..# ..#
...''..##########..#
...##...........zy.#
...##...........@4.#
#################### ##########
########## ######
..'..')..###........###....####
..'..')....##......##....###..#
.##..##...).##....##..#.##....#
##....###....#....#.....#.....#
........###.###..##.#.#.#.....#
..#..#...#....#.)#).....###'###


You could see a death cob, an ice devil and 2 vampire mosquitoes.

Vanquished Creatures
  A vault guard (D)
  A merfolk avatar (D)
  A two-headed ogre (D)
  A death yak (D)
  A deep troll (D)
  A flayed ghost (D)
  A wolf spider (D)
  A deep elf mage (D)
  A black mamba (D)
  A kobold demonologist (D)
  2 freezing wraiths (D)
  A hellwing (D)
  An ice devil (D)
  A polar bear (D)
  7 blink frogs (D)
  A hippogriff (D)
  A tarantella (D)
  3 vampire mosquitoes (D)
  A basilisk (D)
  2 sky beasts (D)
  A black bear (D)
  2 ogres (D)
  A centaur (D)
  A wolf (D)
  4 wights (D)
  A worker ant (D)
  A gnoll (D)
  An adder (D)
  An ooze (D)
  An ufetubus (D)
  3 orcs (D)
  2 bats (D)
  2 goblins (D)
  A hobgoblin (D)
  5 jackals (D)
  2 kobolds (D)
  2 quokkas (D)
  A ball python (D)
  A frilled lizard (D)
  A quokka skeleton (D)
  A rat (D)
65 creatures vanquished.

Vanquished Creatures (collateral kills)
  Sonja (D)
  A sea snake (D)
  A wizard (D)
  A black mamba (D)
  An ice devil (D)
  A shadow (D)
  4 yaks (D)
  A wyvern (D)
  An orc warrior (D)
  A sky beast (D)
  A crocodile (D)
  A crimson imp (D)
  An orc (D)
  A goblin (D)
  A frilled lizard (D)
18 creatures vanquished.

Vanquished Creatures (others)
  A kobold (D)
1 creature vanquished.

Grand Total: 84 creatures vanquished

Notes
Turn   | Place    | Note
-------+----------+-------------------------------------------
     0 | D        | Fang the Gargoyle Berserker began the quest for the Orb.
     0 | D        | Reached XP level 1. HP: 14/14 MP: 1/1
    19 | D        | Reached skill level 3 in Axes
    24 | D        | Found a bloodstained altar of Trog.
    24 | D        | Found a deep blue altar of Sif Muna.
    24 | D        | Found a viscous altar of Jiyva.
    24 | D        | Found a hazy altar of Hepliaklqana.
    24 | D        | Found an opulent altar of Gozag.
    25 | D        | Found a glowing golden altar of the Shining One.
    25 | D        | Found a glowing silver altar of Zin.
    25 | D        | Found a basalt altar of Yredelemnul.
    25 | D        | Found a shimmering altar of Xom.
    25 | D        | Found an ornate altar of the Wu Jian Council.
    25 | D        | Found a sacrificial altar of Ru.
    25 | D        | Found a stormy altar of Qazlal.
    25 | D        | Found an iron altar of Okawaru.
    25 | D        | Found a sparkling altar of Nemelex Xobeh.
    25 | D        | Found a burning altar of Makhleb.
    25 | D        | Found a blossoming altar of Fedhas.
    25 | D        | Found a white marble altar of Elyvilon.
    25 | D        | Found a shadowy altar of Dithmenos.
    25 | D        | Found a snail-covered altar of Cheibriados.
    28 | D        | Found a corrupted altar of Lugonu.
    28 | D        | Found a radiant altar of Vehumet.
    28 | D        | Found a roughly hewn altar of Beogh.
    77 | D        | Reached ** piety under Trog
   240 | D        | Reached XP level 2. HP: 15/20 MP: 2/2
   242 | D        | Reached *** piety under Trog
   254 | D        | Reached skill level 4 in Axes
   255 | D        | Reached **** piety under Trog
   255 | D        | Reached skill level 5 in Fighting
   255 | D        | Reached XP level 3. HP: 22/26 MP: 3/3
   438 | D        | Noticed a sky beast
   442 | D        | Noticed an orc warrior
   445 | D        | Reached skill level 5 in Axes
   448 | D        | Killed a sky beast
   448 | D        | Reached ***** piety under Trog
   448 | D        | Reached skill level 6 in Axes
   448 | D        | Reached XP level 4. HP: 28/34 MP: 4/4
   448 | D        | Reached XP level 5. HP: 31/38 MP: 5/5
   466 | D        | Killed an orc warrior
   466 | D        | Reached skill level 7 in Axes
   646 | D        | Noticed a basilisk
   653 | D        | Killed a basilisk
   653 | D        | Reached skill level 8 in Axes
   653 | D        | Reached XP level 6. HP: 42/45 MP: 6/6
   680 | D        | Reached skill level 9 in Axes
   680 | D        | Reached skill level 5 in Dodging
   778 | D        | Noticed a deep elf mage
   778 | D        | Noticed a black mamba
   780 | D        | Killed a black mamba
   780 | D        | Reached skill level 10 in Fighting
   780 | D        | Reached XP level 7. HP: 52/52 MP: 7/7
   781 | D        | Noticed a redback
   781 | D        | Noticed a demonic crawler
   793 | D        | Killed a deep elf mage
   793 | D        | Received a gift from Trog
   793 | D        | Reached skill level 10 in Axes
   793 | D        | Reached skill level 5 in Armour
   793 | D        | Reached XP level 8. HP: 60/60 MP: 8/8
  1060 | D        | Reached skill level 11 in Axes
  1111 | D        | Noticed a polar bear
  1114 | D        | Reached skill level 1 in Stealth
  1115 | D        | Noticed a merfolk avatar
  1120 | D        | Killed a polar bear
  1120 | D        | Received a gift from Trog
  1120 | D        | Reached skill level 12 in Axes
  1124 | D        | Reached ****** piety under Trog
  1125 | D        | Reached XP level 9. HP: 42/65 MP: 9/9
  1126 | D        | Received a gift from Trog
  1140 | D        | Killed a merfolk avatar
  1140 | D        | Reached skill level 13 in Axes
  1309 | D        | Noticed a deep troll
  1309 | D        | Noticed a flayed ghost
  1310 | D        | Noticed a kobold demonologist
  1314 | D        | Killed a flayed ghost
  1318 | D        | Killed a deep troll
  1318 | D        | Reached skill level 14 in Axes
  1318 | D        | Reached XP level 10. HP: 72/73 MP: 3/10
  1320 | D        | Killed a kobold demonologist
  1320 | D        | Received a gift from Trog
  1325 | D        | Got a shimmering broad axe {god gift}
  1326 | D        | Identified the +3 broad axe "Miacih" {protect, MR+ Str+8} (Trog gifted it to you in the Dungeon)
  1450 | D        | Noticed a two-headed ogre
  1456 | D        | Killed a two-headed ogre
  1456 | D        | Reached skill level 15 in Axes
  1489 | D        | Noticed a death yak
  1501 | D        | Killed a death yak
  1501 | D        | Received a gift from Trog
  1569 | D        | Reached skill level 16 in Axes
  1603 | D        | Noticed a black mamba
  1603 | D        | Noticed a vault guard
  1603 | D        | Noticed a wolf spider
  1606 | D        | Received a gift from Trog
  1608 | D        | Killed a black mamba
  1608 | D        | Reached XP level 11. HP: 80/80 MP: 11/11
  1614 | D        | Killed a vault guard
  1614 | D        | Reached skill level 10 in Dodging
  1615 | D        | Killed a wolf spider
  1615 | D        | Reached skill level 15 in Fighting
  1773 | D        | Noticed a sea snake
  1773 | D        | Noticed a wizard
  1773 | D        | Noticed Sonja
  1776 | D        | Killed a sea snake
  1776 | D        | Reached skill level 17 in Axes
  1778 | D        | Killed Sonja
  1778 | D        | Received a gift from Trog
  1780 | D        | Killed a wizard
  1788 | D        | Received a gift from Trog
  2369 | D        | Noticed a death cob
  2380 | D        | Received a gift from Trog
  2386 | D        | Slain by an ice devil

Skill      XL: |  1  2  3  4  5  6  7  8  9 10 11 |
---------------+----------------------------------+-----
Axes           | 3 4 6 8 9 10 12 14 16 17 | 17.8
Fighting       | 4 5 7 8 10 11 12 13 14 15 | 15.6
Dodging        | 2 3 4 5 6 7 8 9 10 | 10.8
Armour         | 3 4 5 |  5.4
Stealth        | 1 2 3 4 |  4.0

Action                   |  1- 3 |  4- 6 |  7- 9 | 10-12 || total
-------------------------+-------+-------+-------+-------++-------
Melee: Hand axe          |    45 |    22 |    42 |     7 ||   116
       Battleaxe         |       |       |     7 |     2 ||     9
       Broad axe         |       |       |       |    51 ||    51
       War axe           |       |       |       |    14 ||    14
Invok: Berserk           |     3 |       |     4 |     5 ||    12
       Brothers in Arms  |       |     2 |       |     3 ||     5
  Use: Potion            |       |       |       |     1 ||     1
  Eat: Chunk             |       |     3 |     4 |     8 ||    15
       Ration            |       |       |       |     1 ||     1
Armor: Animal skin       |    16 |     7 |    10 |    34 ||    67
Dodge: Dodged            |    33 |    17 |    30 |    86 ||   166
